[ AOE2 MATCH · #505996827 ]
UnrankedPortuguese vs Cumans
Player's team · WIN
Rival team · LOSS
[ REPLAY ANALYSIS · EXTRACTED FROM THE RECORDED GAME ]
Feudal
10:17
Castle
—
Imperial
—
| APM avg | 51.0 |
| APM peak | 98 |
| eAPM avg | 19.1 |
| Villagers / military | 60 / 29 |
Focus
⚔️ 28.7% · 🌾 71.3%
Archer ×28 · Spearman ×1
Feudal
10:28
Castle
—
Imperial
—
| APM avg | 49.5 |
| APM peak | 80 |
| eAPM avg | 29.2 |
| Villagers / military | 58 / 6 |
Focus
⚔️ 30.6% · 🌾 69.4%
Battering Ram ×6
Match map
Initial resources + every placement click. Lines = walls · curves = elevation contours. ◆ gold · ⬟ stone · ● berries · ✦ relic · ◌ wall gap
Your base· Open — 4t gap
executable's base· Open — 4t gap
Smoothed initial terrain · ◌ = detected wall gap · hover for details
Inputs per minute
— JeesalOne - - executable
Build order — JeesalOne
First 150 of 164 actions detected
| 0:01 | Queue | Villager (Male) |
| 0:01 | Queue | Villager (Male) |
| 0:02 | Build | House |
| 0:04 | Build | House |
| 0:32 | Queue | Villager (Male) |
| 0:32 | Queue | Villager (Male) |
| 1:35 | Queue | Villager (Male) |
| 1:35 | Queue | Villager (Male) |
| 1:56 | Queue | Villager (Male) |
| 1:56 | Queue | Villager (Male) |
| 2:02 | Research | Loom |
| 2:24 | Queue | Villager (Male) |
| 2:25 | Queue | Villager (Male) |
| 2:26 | Build | Lumber Camp |
| 3:06 | Queue | Villager (Male) |
| 3:06 | Queue | Villager (Male) |
| 3:38 | Queue | Villager (Male) |
| 3:39 | Queue | Villager (Male) |
| 4:08 | Queue | Villager (Male) |
| 4:35 | Queue | Villager (Male) |
| 4:35 | Queue | Villager (Male) |
| 4:37 | Build | House |
| 5:00 | Queue | Villager (Male) |
| 5:01 | Queue | Villager (Male) |
| 5:01 | Queue | Villager (Male) |
| 5:40 | Queue | Villager (Male) |
| 5:40 | Queue | Villager (Male) |
| 5:57 | Build | Mill |
| 6:25 | Queue | Villager (Male) |
| 6:52 | Build | House |
| 7:00 | Queue | Villager (Male) |
| 7:31 | Queue | Villager (Male) |
| 8:07 | Research | Feudal Age |
| 9:08 | Queue | Villager (Male) |
| 9:14 | Build | Barracks |
| 9:24 | Build | Mining Camp |
| 9:58 | Build | House |
| 10:17 | Age | Feudal Age |
| 10:37 | Queue | Spearman |
| 10:39 | Queue | Villager (Male) |
| 10:48 | Build | Archery Range |
| 10:55 | Build | Palisade Wall |
| 10:56 | Build | Palisade Wall |
| 11:15 | Queue | Villager (Male) |
| 11:19 | Queue | Villager (Male) |
| 11:34 | Queue | Archer |
| 11:34 | Queue | Archer |
| 11:40 | Research | Double-Bit Axe |
| 11:52 | Queue | Villager (Male) |
| 12:07 | Research | Horse Collar |
| 12:07 | Research | Horse Collar |
| 12:11 | Build | House |
| 12:12 | Build | House |
| 12:14 | Build | House |
| 12:22 | Queue | Villager (Male) |
| 12:28 | Queue | Archer |
| 12:33 | Research | Town Watch |
| 12:42 | Queue | Villager (Male) |
| 12:55 | Build | Farm |
| 12:57 | Build | Farm |
| 12:59 | Queue | Archer |
| 13:03 | Queue | Villager (Male) |
| 13:28 | Build | Farm |
| 13:31 | Queue | Villager (Male) |
| 13:32 | Queue | Archer |
| 13:54 | Queue | Villager (Male) |
| 13:56 | Queue | Archer |
| 14:03 | Build | Archery Range |
| 14:14 | Build | Farm |
| 14:17 | Queue | Villager (Male) |
| 14:38 | Build | House |
| 14:46 | Queue | Villager (Male) |
| 14:47 | Queue | Archer |
| 15:06 | Build | Blacksmith |
| 15:10 | Build | House |
| 15:11 | Queue | Villager (Male) |
| 15:17 | Queue | Archer |
| 15:29 | Build | Farm |
| 15:33 | Queue | Archer |
| 15:34 | Queue | Archer |
| 15:40 | Build | House |
| 15:46 | Build | Farm |
| 15:47 | Queue | Villager (Male) |
| 15:50 | Queue | Archer |
| 15:53 | Build | House |
| 15:55 | Queue | Archer |
| 16:04 | Queue | Villager (Male) |
| 16:09 | Research | Fletching |
| 16:15 | Build | House |
| 16:19 | Queue | Villager (Male) |
| 16:23 | Build | House |
| 16:29 | Queue | Archer |
| 16:29 | Queue | Archer |
| 16:39 | Queue | Villager (Male) |
| 16:40 | Queue | Archer |
| 16:40 | Queue | Archer |
| 16:47 | Build | Watch Tower |
| 16:55 | Queue | Archer |
| 16:56 | Queue | Archer |
| 17:03 | Queue | Villager (Male) |
| 17:04 | Queue | Archer |
| 17:04 | Queue | Archer |
| 17:23 | Build | Stable |
| 17:42 | Build | House |
| 17:44 | Build | House |
| 17:47 | Queue | Villager (Male) |
| 17:53 | Build | Lumber Camp |
| 18:01 | Build | House |
| 18:04 | Research | Wheelbarrow |
| 18:46 | Queue | Villager (Male) |
| 19:48 | Queue | Villager (Male) |
| 20:00 | Build | House |
| 20:00 | Build | House |
| 20:01 | Build | House |
| 20:01 | Build | House |
| 20:11 | Build | Farm |
| 20:13 | Build | Farm |
| 20:19 | Queue | Villager (Male) |
| 20:31 | Build | House |
| 20:32 | Build | House |
| 20:57 | Queue | Villager (Male) |
| 21:23 | Queue | Villager (Male) |
| 21:27 | Build | Mill |
| 21:38 | Queue | Villager (Male) |
| 21:51 | Queue | Villager (Male) |
| 22:20 | Build | Mining Camp |
| 22:25 | Queue | Villager (Male) |
| 22:29 | Build | Mining Camp |
| 22:39 | Build | Farm |
| 22:39 | Build | Farm |
| 22:40 | Build | Farm |
| 22:41 | Build | Farm |
| 22:42 | Build | Farm |
| 22:42 | Build | Farm |
| 22:43 | Build | Farm |
| 22:45 | Build | Farm |
| 22:46 | Queue | Villager (Male) |
| 23:08 | Queue | Villager (Male) |
| 23:16 | Queue | Archer |
| 23:16 | Queue | Archer |
| 23:45 | Queue | Villager (Male) |
| 23:52 | Queue | Archer |
| 23:52 | Queue | Archer |
| 24:03 | Build | Farm |
| 24:14 | Build | Market |
| 24:20 | Queue | Villager (Male) |
| 24:23 | Build | Farm |
| 24:32 | Queue | Archer |
| 24:32 | Queue | Archer |
| 24:46 | Queue | Villager (Male) |
Build order — executable
113 actions detected in the replay
| 0:01 | Research | Loom |
| 0:05 | Build | House |
| 0:20 | Queue | Villager (Male) |
| 0:20 | Queue | Villager (Male) |
| 0:20 | Queue | Villager (Male) |
| 0:21 | Queue | Villager (Male) |
| 0:21 | Queue | Villager (Male) |
| 0:24 | Build | House |
| 1:00 | Build | Palisade Wall |
| 2:11 | Queue | Villager (Male) |
| 3:01 | Queue | Villager (Male) |
| 3:21 | Queue | Villager (Male) |
| 3:21 | Queue | Villager (Male) |
| 4:29 | Queue | Villager (Male) |
| 4:29 | Queue | Villager (Male) |
| 5:00 | Queue | Villager (Male) ×3 |
| 5:02 | Build | Lumber Camp |
| 5:26 | Queue | Villager (Male) |
| 5:26 | Queue | Villager (Male) |
| 5:26 | Queue | Villager (Male) |
| 5:33 | Build | House |
| 7:10 | Build | Mining Camp |
| 7:23 | Queue | Villager (Male) |
| 7:48 | Queue | Villager (Male) |
| 8:18 | Research | Feudal Age |
| 8:33 | Build | Palisade Wall |
| 8:36 | Build | Palisade Wall |
| 10:02 | Build | House |
| 10:28 | Age | Feudal Age |
| 10:38 | Build | Town Center |
| 10:45 | Build | Palisade Gate |
| 10:49 | Build | Palisade Gate |
| 10:51 | Research | Double-Bit Axe |
| 10:51 | Queue | Villager (Male) |
| 10:52 | Queue | Villager (Male) |
| 10:52 | Queue | Villager (Male) |
| 11:16 | Build | Palisade Wall |
| 11:23 | Queue | Villager (Male) |
| 11:23 | Queue | Villager (Male) |
| 12:05 | Build | Mining Camp |
| 12:09 | Queue | Villager (Male) |
| 12:31 | Queue | Villager (Male) |
| 12:50 | Build | Blacksmith |
| 12:57 | Queue | Villager (Male) |
| 12:59 | Queue | Villager (Male) |
| 13:18 | Queue | Villager (Male) |
| 13:32 | Queue | Villager (Male) |
| 13:51 | Build | Siege Workshop |
| 14:04 | Queue | Villager (Male) |
| 14:04 | Queue | Villager (Male) |
| 14:16 | Build | House |
| 14:30 | Research | Fletching |
| 14:37 | Queue | Battering Ram |
| 15:23 | Queue | Villager (Male) |
| 15:26 | Queue | Villager (Male) |
| 15:40 | Build | Mill |
| 15:45 | Queue | Villager (Male) |
| 15:48 | Queue | Villager (Male) |
| 15:52 | Build | Palisade Wall |
| 16:02 | Queue | Battering Ram |
| 16:05 | Build | House |
| 16:14 | Build | Watch Tower |
| 17:35 | Build | Market |
| 17:51 | Queue | Villager (Male) |
| 18:14 | Queue | Villager (Male) |
| 18:14 | Queue | Villager (Male) |
| 19:06 | Build | Watch Tower |
| 19:17 | Build | Watch Tower |
| 19:44 | Build | House |
| 19:47 | Build | Farm |
| 19:48 | Build | Farm |
| 19:50 | Build | Farm |
| 19:51 | Build | Farm |
| 19:52 | Build | Farm |
| 19:53 | Build | Farm |
| 20:19 | Queue | Battering Ram |
| 20:34 | Build | Watch Tower |
| 20:52 | Queue | Villager (Male) |
| 20:53 | Build | Farm |
| 20:54 | Build | Farm |
| 20:57 | Build | Palisade Gate |
| 20:59 | Build | Palisade Wall |
| 21:01 | Build | Palisade Wall |
| 21:06 | Research | Wheelbarrow |
| 21:07 | Queue | Villager (Male) |
| 21:31 | Queue | Villager (Male) |
| 21:43 | Queue | Villager (Male) |
| 22:10 | Build | Barracks |
| 22:11 | Queue | Villager (Male) |
| 22:12 | Queue | Villager (Male) |
| 22:25 | Queue | Villager (Male) |
| 22:35 | Build | Mining Camp |
| 23:04 | Queue | Villager (Male) |
| 23:04 | Queue | Villager (Male) |
| 23:43 | Queue | Villager (Male) |
| 23:44 | Queue | Villager (Male) |
| 23:50 | Queue | Battering Ram |
| 23:57 | Build | Farm |
| 23:59 | Queue | Villager (Male) |
| 24:30 | Queue | Battering Ram |
| 25:23 | Queue | Battering Ram |
| 25:31 | Build | Farm |
| 25:32 | Build | Farm |
| 25:33 | Build | Farm |
| 25:58 | Queue | Villager (Male) |
| 25:59 | Queue | Villager (Male) |
| 26:19 | Queue | Villager (Male) |
| 26:19 | Queue | Villager (Male) |
| 26:24 | Queue | Villager (Male) |
| 26:26 | Build | Farm |
| 26:27 | Build | Farm |
| 26:33 | Queue | Villager (Male) |
| 26:33 | Queue | Villager (Male) |
Match timeline
| 1:00 | executable · wall_segment Palisade Wall x1 |
| 8:33 | executable · wall_segment Palisade Wall x1 |
| 8:36 | executable · wall_segment Palisade Wall x1 |
| 9:14 | JeesalOne · first_building Barracks |
| 10:17 | JeesalOne · age_up feudal |
| 10:28 | executable · age_up feudal |
| 10:48 | JeesalOne · first_building Archery Range |
| 10:55 | JeesalOne · wall_segment Palisade Wall x1 |
| 10:56 | JeesalOne · wall_segment Palisade Wall x1 |
| 11:16 | executable · wall_segment Palisade Wall x1 |
| 13:51 | executable · first_building Siege Workshop |
| 15:52 | executable · wall_segment Palisade Wall x1 |
| 17:23 | JeesalOne · first_building Stable |
| 20:18 | executable · first_market_sell 100 wood |
| 20:26 | executable · first_market_buy 100 stone |
| 20:59 | executable · wall_segment Palisade Wall x5 |
| 21:01 | executable · wall_segment Palisade Wall x4 |
| 22:10 | executable · first_building Barracks |
| 25:40 | JeesalOne · first_market_buy 100 food |
| 27:18 | executable · resign |
[ AI ANALYSIS · 1 CREDIT ]
What really happened in this match?
Wolo.gg analyzes every decision: build order, eco, micro, common mistakes by bracket. Personalized analysis on WhatsApp or Discord in 30 seconds.
Civ guide
Portuguese
Perfil
Jugador #3318798